 Dungeon Sprint DCSS version 0.23-a0-183-gf37f6fb (webtiles) character file.

4500000 namelastname112 the Formicid Barricade (level 27, -38/249 HPs)
             Began as a Formicid Fighter on Sept 23, 2018.
             Was the Champion of Makhleb.
             Annihilated by a destroyer
             ... wielding a +9 great sword of slicing
              (139 damage)
             ... in the Dungeon (Sprint VIII: "Arena of Blood").
             The game lasted 00:01:18 (45 turns).

namelastname112 the Formicid Barricade (FoFi)         Turns: 45, Time: 00:01:19

Health: -38/249    AC: 13    Str: 28    XL:     27
Magic:  25/54      EV: 28    Int: 10    God:    Makhleb [******]
Gold:   0          SH: 19    Dex: 14    Spells: 80/80 levels left

rFire    . . .     SeeInvis +   k - +∞ Axe of Woe
rCold    . . .     Gourm    .   b - +0 shield
rNeg     . . .     Faith    .   a - +0 scale mail
rPois    .         Spirit   .   (helmet unavailable)
rElec    .         Reflect  .   (no cloak)
rCorr    .         Harm     .   (no gloves)
MR       ++...                  (no boots)
Stlth    ++++++++..             (no amulet)
HPRegen  0.51/turn              (no ring)
MPRegen  0.34/turn              (no ring)

@: no status effects
A: permanent stasis, dig shafts and tunnels, four strong arms, antennae 3
a: Dig, Minor Destruction, Lesser Servant of Makhleb, Major Destruction, Greater
Servant of Makhleb, Renounce Religion


You were in the Dungeon.
You worshipped Makhleb.
Makhleb was exalted by your worship.
You were not hungry.

You visited 1 branch

Inventory:

Hand Weapons
 k - the +∞ Axe of Woe (weapon)
   (You found it in the Dungeon)
Armour
 a - a +0 scale mail (worn)
 b - a +0 shield (worn)
Scrolls
 j - a scroll of blinking
Potions
 c - a potion of might
 e - a potion of curing
 f - a potion of heal wounds
 g - a potion of haste
 h - 2 potions of magic
 i - a potion of berserk rage
Comestibles
 d - a ration


   Skills:
 O Level 27 Fighting
 O Level 27 Axes
 O Level 27 Throwing
 O Level 27 Armour
 O Level 27 Dodging
 O Level 27 Stealth
 O Level 27 Shields
 O Level 27 Unarmed Combat
 O Level 27 Spellcasting
 O Level 27 Invocations


You had 80 spell levels left.
You didn't know any spells.
Your spell library was empty.

Dungeon Overview and Level Annotations

Branches:
Dungeon (1/1)

Altars:
Makhleb


Innate Abilities, Weirdness & Mutations

You cannot be hasted, slowed, berserked, paralysed or teleported.
You can dig through walls and to a lower floor.
Your four strong arms can wield two-handed weapons with a shield.
You have a pair of large antennae on your head. (SInv)


Message History

The large bag of meat is engulfed in blazing flames.
A large bag of meat comes into view. It is wielding a +9 giant spiked club.
The bag of meat is engulfed in blazing flames.
The destroyer is engulfed in blazing flames.
The destroyer blinks!
An orc and a vampire knight come into view.
The destroyer is wielding a +9 great sword of slicing.
You block the meat berserker's attack. You block the bag of meat's attack.
The large bag of meat hits you with a +9 giant spiked club!!!
The destroyer shouts!
The large bag of meat hits you with a +9 giant spiked club!!!!
A large bag of meat comes into view. It is wielding a +9 giant spiked club.
You hear a shout! x2
The bag of meat is engulfed in blazing flames.
The destroyer blinks!
The destroyer is engulfed in blazing flames.
The destroyer blinks!
The destroyer hits you with a +9 great sword of slicing!!!!
Ouch! That really hurt!
You die...

.......V. .....
......... ..o.o.
#.......# ..#O..
#.§.....# ..
..Oo..###..%....###...
....oo...V.###).......
...#..ooo..._o)o.{O...
.#...oVO)#..)))#......
.....oo@o#_)<)_# .o...
.#..oooVO#....{#......
.o.#V.oo§§§._.........
..V..o..§o§###........
....%.###§§.....###...
......{ #O..%...# .
....O§ #O......#
...... ..%..%... .#.
..........


You could see 5 destroyers, 5 large bags of meat, 2 meat berserkers and 20 bags
of meat.

Vanquished Creatures
  A vampire knight (D)
  13 ogres (D)
  A two-headed ogre (D)
  27 orcs (D)
  A skeletal warrior (D)
43 creatures vanquished.

Notes
Turn   | Place    | Note
-------+----------+-------------------------------------------
     0 | D        | Found the +∞ Axe of Woe
     0 | D        | namelastname112 the Formicid Fighter began the quest for
                  | the Orb.
     0 | D        | Reached XP level 1. HP: 18/18 MP: 1/1
     1 | D        | Noticed a bag of meat
     3 | D        | Became a worshipper of Makhleb the Destroyer
     3 | D        | Noticed a bag of meat
     7 | D        | Noticed a meat berserker
     8 | D        | Killed a bag of meat
     8 | D        | Reached XP level 2. HP: 47/47 MP: 2/2
     8 | D        | Reached XP level 3. HP: 53/53 MP: 3/3
     8 | D        | Reached XP level 4. HP: 60/60 MP: 4/4
     8 | D        | Reached XP level 5. HP: 67/67 MP: 5/5
     8 | D        | Reached XP level 6. HP: 74/74 MP: 6/6
     8 | D        | Reached XP level 7. HP: 80/80 MP: 7/7
     8 | D        | Reached XP level 8. HP: 87/87 MP: 8/8
     8 | D        | Reached XP level 9. HP: 94/94 MP: 9/9
     8 | D        | Reached XP level 10. HP: 101/101 MP: 10/10
     8 | D        | Reached XP level 11. HP: 107/107 MP: 11/11
     8 | D        | Reached XP level 12. HP: 114/114 MP: 12/12
     8 | D        | Noticed a bag of meat
     8 | D        | Noticed a bag of meat
     9 | D        | Killed a bag of meat
     9 | D        | Reached * piety under Makhleb
     9 | D        | Reached skill level 5 in Axes
     9 | D        | Reached XP level 13. HP: 127/127 MP: 13/13
    10 | D        | Killed a meat berserker
    10 | D        | Reached XP level 14. HP: 141/141 MP: 14/14
    10 | D        | Reached XP level 15. HP: 148/148 MP: 15/15
    10 | D        | Noticed a meat berserker
    12 | D        | Reached skill level 10 in Axes
    12 | D        | Noticed a meat berserker
    13 | D        | Killed a meat berserker
    13 | D        | Reached ** piety under Makhleb
    13 | D        | Reached XP level 16. HP: 163/163 MP: 16/16
    13 | D        | Reached skill level 27 in Shields
    15 | D        | Noticed a meat berserker
    16 | D        | Killed a meat berserker
    16 | D        | Reached skill level 27 in Fighting
    16 | D        | Reached skill level 27 in Armour
    16 | D        | Reached skill level 15 in Unarmed Combat
    16 | D        | Reached XP level 17. HP: 42/174 MP: 17/17
    17 | D        | Noticed a destroyer
    18 | D        | Reached *** piety under Makhleb
    18 | D        | Reached XP level 18. HP: 107/182 MP: 18/18
    18 | D        | Noticed a meat berserker
    19 | D        | Killed a destroyer
    19 | D        | Reached skill level 27 in Axes
    19 | D        | Killed a meat berserker
    19 | D        | Reached XP level 19. HP: 189/189 MP: 19/19
    20 | D        | Reached **** piety under Makhleb
    20 | D        | Reached skill level 27 in Unarmed Combat
    20 | D        | Reached skill level 10 in Stealth
    20 | D        | Reached skill level 10 in Invocations
    20 | D        | Reached XP level 20. HP: 197/197 MP: 19/32
    21 | D        | Reached skill level 10 in Throwing
    21 | D        | Reached skill level 10 in Spellcasting
    22 | D        | Reached skill level 15 in Stealth
    22 | D        | Reached ***** piety under Makhleb
    22 | D        | Noticed a meat berserker
    22 | D        | Noticed a large bag of meat
    24 | D        | Reached skill level 15 in Throwing
    24 | D        | Reached skill level 15 in Spellcasting
    24 | D        | Noticed a meat berserker
    25 | D        | Reached skill level 15 in Dodging
    25 | D        | Reached XP level 21. HP: 204/204 MP: 19/41
    26 | D        | Killed a meat berserker
    26 | D        | Killed a meat berserker
    26 | D        | Reached XP level 22. HP: 212/212 MP: 20/45
    27 | D        | Noticed a destroyer
    28 | D        | Noticed a meat berserker
    29 | D        | Killed a meat berserker
    29 | D        | Reached skill level 27 in Stealth
    29 | D        | Reached ****** piety under Makhleb
    29 | D        | Reached XP level 23. HP: 219/219 MP: 20/50
    29 | D        | Reached skill level 27 in Invocations
    30 | D        | Noticed a large bag of meat
    33 | D        | Killed a large bag of meat
    34 | D        | Reached skill level 27 in Throwing
    34 | D        | Reached skill level 27 in Spellcasting
    35 | D        | Noticed a destroyer
    36 | D        | Reached skill level 27 in Dodging
    36 | D        | Reached XP level 24. HP: 206/227 MP: 22/54
    36 | D        | Noticed a destroyer
    37 | D        | Noticed a large bag of meat
    37 | D        | Noticed a destroyer
    37 | D        | Noticed a destroyer
    39 | D        | Reached XP level 25. HP: 234/234 MP: 23/54
    41 | D        | Reached XP level 26. HP: 242/242 MP: 24/54
    43 | D        | Reached XP level 27. HP: 249/249 MP: 24/54
    44 | D        | Noticed a large bag of meat
    44 | D        | Noticed a large bag of meat
    45 | D        | Noticed a destroyer
    45 | D        | Noticed a large bag of meat
    45 | D        | Annihilated by a destroyer

Vault maps used:
D:        meatsprint

Skill      XL: |  1  2  3  4  5  6  7  8  9 10 11 12 13 14 15 16 17 18 19 20 21 22 23 |
---------------+----------------------------------------------------------------------+-----
Fighting       | 17 19 22 25 27 | 27.0
Axes           | 4 5 8 12 19 22 27 | 27.0
Armour         | 17 19 22 25 27 | 27.0
Shields        | 18 20 23 26 27 | 27.0
Unarmed Combat | 8 9 11 12 15 16 26 27 | 27.0
Throwing       | 8 16 19 23 27 | 27.0
Dodging        | 7 15 18 21 27 | 27.0
Stealth        | 10 20 24 27 | 27.0
Spellcasting   | 8 16 19 23 27 | 27.0
Invocations    | 10 18 22 26 27 | 27.0

Action                   |  1- 3 |  4- 6 |  7- 9 | 10-12 | 13-15 | 16-18 | 19-21 | 22-24 | 25-27 || total
-------------------------+-------+-------+-------+-------+-------+-------+-------+-------+-------++-------
Melee: Executioner's axe |     1 |       |       |     1 |     3 |     3 |     6 |     7 |     5 ||    26
Block: Shield            |       |       |       |       |       |       |       |       |     2 ||     2

Table legend:
 A = Non-vault XP
 B = Vault XP
 C = Vault XP percentage of total XP
 D = Non-vault monster count
 E = Vault monster count
 F = Vault count percentage of total count
                 A         B        C        D         E       F
            +---------+---------+-------+---------+---------+-------
      Total |  501803 |  603920 |  54.6 |      16 |      27 |  62.8
            +---------+---------+-------+---------+---------+-------
          D |  501803 |  603920 |  54.6 |      16 |      27 |  62.8
            +---------+---------+-------+---------+---------+-------
